 Dungeon Crawl Stone Soup version 0.31.0-11-ge490571c62 (webtiles) character file.

Game seed: 2962461734788585007

64 Arctor the Firebug (level 3, 0/19 HPs)
             Began as a Deep Elf Fire Elementalist on Feb 2, 2024.
             Slain by Crazy Yiuf
             ... wielding a +4 quarterstaff of chaos
              (5 damage)
             ... on level 2 of the Dungeon.
             The game lasted 00:01:01 (2541 turns).

Arctor the Firebug (Deep Elf Fire Elementalist)     Turns: 2541, Time: 00:01:02

Health: 0/19       AC:  2    Str:  5    XL:     3   Next: 91%
Magic:  4/10       EV: 13    Int: 21    God:
Gold:   34         SH:  0    Dex: 15    Spells: 6/9 levels left

rFire   . . .        g - +0 dagger
rCold   . . .        (no shield)
rNeg    . . .        a - +0 robe
rPois   .            (no helmet)
rElec   .            (no cloak)
rCorr   .            (no gloves)
SInv    .            (no boots)
Will    .....        (no amulet)
Stlth   ++           (no ring)
HPRegen 0.23/turn    (no ring)
MPRegen 0.12/turn

%: no passive effects
@: very slightly contaminated
A: no striking features
a: no special abilities


You were on level 2 of the Dungeon.
You visited 1 branch of the dungeon, and saw 2 of its levels.

You collected 34 gold pieces.

Inventory:

Hand Weapons
 g - a +0 dagger (weapon)
Armour
 a - a +0 robe (worn)
Wands
 l - a wand of light (8)
Scrolls
 c - 4 scrolls of teleportation {unknown}
 d - a scroll of identify {unknown}
 h - a scroll of blinking {unknown}
 j - a scroll of poison {unknown}
Potions
 b - a potion of magic
 e - 3 potions of curing {unknown}
 f - a potion of invisibility {unknown}
 i - a potion of ambrosia {unknown}
 k - a potion of attraction {unknown}


   Skills:
 + Level 3.1 Dodging
 + Level 3.2 Stealth
 + Level 3.6 Spellcasting
 + Level 2.2 Conjurations
 + Level 3.7 Fire Magic


You had 6 spell levels left.
You knew the following spells:

 Your Spells              Type           Power      Damage    Failure   Level
a - Foxfire               Conj/Fire      64%        2x1d7     3%          1
b - Scorch                Fire           38%        2d6       4%          2

Your spell library contained the following spells:

 Spells                   Type           Power      Damage    Failure   Level
 Inner Flame              Hex/Fire       11%        N/A       17%         3
 Volatile Blastmotes      Fire/Tloc      22%        2d11      17%         3
 Flame Wave               Conj/Fire      16%        2d7       36%         4


Dungeon Overview and Level Annotations

Branches:
Dungeon (2/15)

Altars:

Annotations:
D:2 Crazy Yiuf


Message History

Moving in this stuff is going to be slow.
You enter the shallow water.
Moving in this stuff is going to be slow.
You enter the shallow water.
Moving in this stuff is going to be slow.
You enter the shallow water.
Moving in this stuff is going to be slow.
You enter the shallow water.
Moving in this stuff is going to be slow.
No reachable target in view!
You conjure some foxfire!
Crazy Yiuf shouts!
Crazy Yiuf cries, "Whippet!"
No reachable target in view!
You conjure some foxfire!
Your foxfire dissipates!
Crazy Yiuf whimpers, "Nubble senile verde!"
No reachable target in view!
You open the door.
Crazy Yiuf cries, "Candle eyeball childish!"
Casting: Foxfire (safe; 3% risk of failure)
Confirm with . or Enter, or press ? or * to list all spells.
You miscast Scorch.
You are very lightly contaminated with residual magic.
Nothing appears to happen.
Crazy Yiuf closely misses you.
Casting: Scorch (safe; 4% risk of failure)
Confirm with . or Enter, or press ? or * to list all spells.
Flames lash Crazy Yiuf.
Crazy Yiuf is heavily wounded.
Crazy Yiuf's fire resistance burns away.
Crazy Yiuf hits you with a +4 quarterstaff of chaos!
Ouch! That really hurt!
* * * LOW HITPOINT WARNING * * *
Crazy Yiuf draws strength from your wounds!
Casting: Scorch (safe; 4% risk of failure)
Confirm with . or Enter, or press ? or * to list all spells.
Flames lash Crazy Yiuf.
Crazy Yiuf is burned terribly!
Crazy Yiuf is lightly wounded.
Crazy Yiuf hits you with a +4 quarterstaff of chaos.
You die...

...........####....###..##.#
...........# #....# ##.##.#
...........# ♣P..P♣ #.##.#
##.........# ♣♣.P.♣ #.##.#
#.........# ♣♣.♣♣ #.##.#
#.........# ♣♣.♣ ##.##
#.........# ♣.♣♣ #...#
#.........# ♣♣.♣ #####
#######.### ♣@♣♣ #.# #g# #.#
... #.# #...# ########.#
#)..# .........# #####
##########


You could see Crazy Yiuf (combustible).

Vanquished Creatures
  2 adders (D:2)
  2 dart slugs (D:1)
  9 ball pythons
  2 bats (D:1)
  2 endoplasms
  A giant cockroach (D:2)
  3 goblins (D:2)
  A hobgoblin (D:1)
  4 jackals (D:2)
  3 quokkas (D:2)
  3 frilled lizards
  5 kobolds (D:1)
  3 rats
40 creatures vanquished.

Vanquished Creatures (collateral kills)
  8 foxfires
8 creatures vanquished.

Vanquished Creatures (others)
  161 foxfires
161 creatures vanquished.

Grand Total: 209 creatures vanquished

Notes
Turn   | Place    | Note
-------+----------+-------------------------------------------
     0 | D:1      | Arctor the Deep Elf Fire Elementalist began the quest for
                  | the Orb.
     0 | D:1      | Reached XP level 1. HP: 10/10 MP: 6/6
   435 | D:1      | Reached XP level 2. HP: 15/15 MP: 5/8
   439 | D:1      | Learned a level 2 spell: Scorch
  1309 | D:2      | Reached XP level 3. HP: 18/19 MP: 5/9
  2150 | D:2      | Found a runed translucent door.
  2159 | D:2      | Noticed Crazy Yiuf
  2541 | D:2      | Slain by Crazy Yiuf

Illustrated notes

Levels and vault maps discovered:
D:1:      psy_arrival_conway, layout_loops_cross, serial_forest,
          infiniplex_forest_clump_tiny, infiniplex_forest_clump_tiny,
          infiniplex_forest_end_2, infiniplex_forest_clump_long
D:2:      layout_basic, serial_bayou_crossing, uniq_crazy_yiuf_cottage

Skill      XL: |  1  2  3 |
---------------+----------+-----
Stealth        | 3 |  3.2
Dodging        | 3 |  3.1
Conjurations   | 2 |  2.2
Spellcasting   | |  3.6
Fire Magic     | |  3.7

Action                     || total
---------------------------++-------
  Melee: Unarmed           ||     5
         Dagger            ||    28
   Cast: Foxfire           ||   116
         Scorch            ||     7
   Stab: Sleeping          ||     1
 Armour: Robe              ||    28
  Dodge: Dodged            ||    35
